 Dungeon Crawl Stone Soup version 0.29-a0-23-ga79f92ac9c (webtiles) character file.

Game seed: 16539811355722578479

5884 Wyvernaa the Basher (level 10, -1/75 HPs)
             Began as a Demonspawn Fighter on Jan 30, 2022.
             Was an Elder of Okawaru.
             Slain by an ice devil (7 damage)
             ... in an ice cave.
             The game lasted 00:33:45 (9805 turns).

Wyvernaa the Basher (Demonspawn Fighter)            Turns: 9805, Time: 00:33:46

Health: -1/75      AC: 21    Str: 19    XL:     10   Next: 52%
Magic:  0/15       EV: 14    Int:  9    God:    Okawaru [****..]
Gold:   1275       SH:  7    Dex: 21    Spells: 9/9 levels left

rFire   . . .      SeeInvis .   J - +1 whip (vamp)
rCold   . . .      Faith    .   c - +0 buckler
rNeg    . . .      Spirit   +   F - +3 swamp dragon scales
rPois   +          Reflect  .   (no helmet)
rElec   .          Harm     .   (no cloak)
rCorr   .          Rampage  .   k - +1 pair of gloves
Will    .....                   (boots unavailable)
Stlth   +++.......              p - amulet of guardian spirit
HPRegen 0.22/turn               l - +4 ring of protection
MPRegen 0.14/turn               H - +6 ring of dexterity

@: heroic
A: hooves 3, foul stench 1, augmentation 1, sharp scales 1
a: Renounce Religion, Heroism, Finesse


You were in an ice cave.
You worshipped Okawaru.
Okawaru was greatly pleased with you.
You visited 3 branches of the dungeon, and saw 10 of its levels.
You also visited: Sewer and Ice Cave.

You collected 1275 gold pieces.

Inventory:

Hand Weapons
 a - a +1 vorpal flail
 J - a +1 vampiric whip (weapon)
Missiles
 m - 7 javelins (quivered)
 w - 3 curare-tipped darts
 B - 2 throwing nets
Armour
 c - a +0 buckler (worn)
 k - a +1 pair of gloves (worn)
 q - a +3 ring mail of cold resistance
 r - the +6 plate armour of Whack-A-Mole {rF- Str+9}
   (You found it on level 4 of the Dungeon)

   Str:       It affects your strength (+9).
   rF:        It makes you vulnerable to fire.
 F - +3 swamp dragon scales (worn)
 I - the +4 plate armour "Ihuannic" {*Slow Fly Int+6}
   (You found it on level 3 of the Dungeon)

   Int:       It affects your intelligence (+6).
   Fly:       It grants you flight.
   *Slow:     It may slow you when you take damage.
Jewellery
 f - a ring of wizardry
 l - a +4 ring of protection (left hand)
 p - an amulet of guardian spirit (around neck)
 H - a +6 ring of dexterity (right hand)
Wands
 C - a wand of mindburst (12)
 E - a wand of acid (13)
Scrolls
 h - a scroll of blinking
 n - a scroll of enchant armour
 u - 2 scrolls of fear
 v - 3 scrolls of fog
 y - 3 scrolls of teleportation
Potions
 b - a potion of heal wounds
 d - 3 potions of might
 e - 4 potions of flight
 g - 2 potions of curing
 i - a potion of magic
 j - 3 potions of haste
 o - a potion of mutation
 s - a potion of attraction
 t - 2 potions of cancellation
 z - 2 potions of brilliance
 A - a potion of ambrosia
 D - a potion of berserk rage {unknown}


   Skills:
 + Level 5.6(10.6) Fighting
 * Level 11.0(16.0) Maces & Flails
 + Level 6.2(11.2) Armour
 + Level 1.0(6.0) Dodging
 + Level 1.3(6.3) Stealth
 + Level 4.2(9.2) Shields
 * Level 7.1 Invocations
 + Level 1.6 Evocations


You had 9 spell levels left.
You didn't know any spells.
Your spell library contained the following spells:

 Spells                   Type           Power      Damage    Failure   Level
 Beastly Appendage        Tmut           0%         N/A       58%         1
 Foxfire                  Conj/Fire      0%         2x1d4     58%         1
 Sting                    Tmut/Pois      0%         1d3       58%         1
 Ensorcelled Hibernation  Hex/Ice        0%         N/A       75%         2
 Poisonous Vapours        Pois/Air       0%         N/A       75%         2
 Static Discharge         Conj/Air       0%         N/A       75%         2
 Wereblood                Tmut           0%         N/A       75%         2
 Conjure Flame            Conj/Fire      0%         6-21      92%         3
 Inner Flame              Hex/Fire       0%         N/A       92%         3
 Spider Form              Tmut/Pois      0%         N/A       92%         3
 Anguish                  Hex/Necr       0%         N/A       100%        4
 Cause Fear               Hex            0%         N/A       100%        4
 Flame Wave               Conj/Fire      0%         2d4       100%        4
 Olgreb's Toxic Radiance  Pois           0%         N/A       100%        4
 Passage of Golubria      Tloc           0%         N/A       100%        4
 Lightning Bolt           Conj/Air       0%         1d11      100%        5
 Silence                  Hex/Air        0%         N/A       100%        5
 Discord                  Hex            0%         N/A       100%        8
 Lehudib's Crystal Spear  Conj/Erth      0%         10d2      100%        8
 Maxwell's Capacitive Co  Air            0%         ∞         100%        8
 Summon Small Mammal      Summ           Unusable   N/A       N/A         1
 Call Canine Familiar     Summ           Unusable   N/A       N/A         3
 Summon Guardian Golem    Hex/Summ       Unusable   N/A       N/A         3

Dungeon Overview and Level Annotations

Branches:
Dungeon (8/15)             Temple (1/1) D:4            Lair (1/6) D:8
  Sewer (visited)           IceCv (1/1)

Altars:
Cheibriados
Dithmenos
Elyvilon
Fedhas
Kikubaaqudgha
Nemelex Xobeh
Okawaru
Trog
Uskayaw
Wu Jian
Xom
Zin
The Shining One


Innate Abilities, Weirdness & Mutations

You have hooves in place of feet.
You may rarely emit foul miasma when damaged in melee.
Your magical and physical power is slightly enhanced at high health.
You are partially covered in razor-sharp scales. (AC +1, Slay +1)


Message History

You kick the ice devil, but do no damage.
The ice devil is moderately wounded.
The white imp hits you but does no damage.
The ice devil hits you! The ice devil freezes you!
* * * LOW HITPOINT WARNING * * *
Okay, then.
Okay, then.
You feel much better. The ice devil barely misses you.
You block the white imp's attack.
You whack the ice devil!
You kick the ice devil, but do no damage.
The ice devil is heavily wounded.
The ice devil hits you but does no damage.
The white imp gestures at you.
The puff of frost hits you but does no damage.
You whack the ice devil! You kick the ice devil.
The ice devil is almost dead.
You hit the ice devil.
The ice devil is almost dead.
A harpy simulacrum comes into view.
The white imp disappears for a moment.
You block the white imp's attack. The ice devil hits you.
The ice devil freezes you!!
* * * LOW HITPOINT WARNING * * *
You feel much better. The white imp closely misses you. The ice devil hits you.
The ice devil freezes you!
* * * LOW HITPOINT WARNING * * *
You hit the ice devil.
You kick the ice devil, but do no damage.
The ice devil is almost dead.
You hit the ice devil.
You kick the ice devil, but do no damage.
The ice devil is almost dead.
The white imp gestures at you. The puff of frost hits you.
* * * LOW HITPOINT WARNING * * *
The ice devil hits you.
* * * LOW HITPOINT WARNING * * *
The ice devil freezes you!
You die...

. .. ... #### .... ##
######..## .....#.
##..##....##
......Z###..........#
......Z5#.......∩.∩.#
.....##4@..##.......#
... ##..#####....## .
#### ##..## ####


You could see an ice devil, a white imp, a death yak simulacrum and a harpy
simulacrum.

Vanquished Creatures
  A death yak (D:8)
  A black mamba (Lair:1)
  Maggie (D:7)
  2 trolls (D:5)
  6 yaks (Lair:1)
  Eustachio (D:6)
  A steam dragon (D:7)
  The ghost of Cecur the Conjurer, an amateur DrCj of Sif Muna (D:3)
  Duvessa (D:7)
  A water moccasin (D:6)
  A black bear (D:6)
  An ice beast (D:5)
  An ogre (D:6)
  3 centaurs
  3 phantoms
  5 kobold brigands (Sewer)
  3 bullfrogs (D:6)
  A gnoll sergeant (D:7)
  A two-headed ogre simulacrum (IceCv)
  A scorpion (D:6)
  A wyvern skeleton (D:6)
  Dowan (D:7)
  A howler monkey (D:4)
  A bullfrog zombie (D:5)
  2 centaur zombies (D:7)
  4 orc priests
  A jelly (D:7)
  2 centaur skeletons
  4 hounds
  Terence (D:2)
  An iguana (D:5)
  6 orc wizards
  3 hell rats (D:8)
  2 polar bear simulacra (IceCv)
  A killer bee zombie (D:8)
  5 gnolls (D:7)
  3 howler monkey skeletons
  16 adders
  A naga simulacrum (IceCv)
  2 river rats (Sewer)
  A shadow imp (D:6)
  13 white imps
  3 ufetubi (IceCv)
  An adder skeleton (D:4)
  A worm (D:2)
  20 orcs
  9 ball pythons
  7 endoplasms
  6 giant cockroaches
  8 goblins
  7 hobgoblins
  4 jackals
  15 kobolds
  4 quokkas
  7 bats
  7 frilled lizards
  5 rats
212 creatures vanquished.

Vanquished Creatures (others)
  An orc (D:7)
  2 fungi (Lair:1)
  2 plants (Lair:1)
5 creatures vanquished.

Grand Total: 217 creatures vanquished

Notes
Turn   | Place    | Note
-------+----------+-------------------------------------------
     0 | D:1      | Wyvernaa the Demonspawn Fighter began the quest for the
                  | Orb.
     0 | D:1      | Reached XP level 1. HP: 18/18 MP: 1/1
   234 | D:1      | Gained mutation: You are partially covered in razor-sharp
                  | scales. (AC +1, Slay +1) [demonic ancestry]
   234 | D:1      | Reached XP level 2. HP: 24/24 MP: 2/2
   780 | D:1      | Reached skill level 2 in Maces & Flails
  1161 | D:2      | Noticed Terence
  1166 | D:1      | Gained mutation: You have large cloven feet. [demonic
                  | ancestry]
  1166 | D:1      | Reached XP level 3. HP: 27/29 MP: 3/3
  1449 | D:2      | Found a faded altar of an unknown god.
  1739 | D:2      | Gained mutation: You may rarely emit foul miasma when
                  | damaged in melee. [demonic ancestry]
  1739 | D:2      | Reached XP level 4. HP: 35/35 MP: 4/4
  1861 | D:2      | Reached skill level 3 in Maces & Flails
  2141 | D:2      | Killed Terence
  2720 | D:3      | Noticed Cecur's ghost (amateur DrCj)
  2888 | D:3      | Found a shadowy altar of Dithmenos.
  2917 | D:3      | Found an ancient bone altar of Kikubaaqudgha.
  3265 | D:3      | Found a runed translucent gate.
  3266 | D:3      | Found a runed translucent gate.
  3270 | D:3      | Found a runed translucent gate.
  3488 | D:4      | Reached XP level 5. HP: 41/41 MP: 5/5
  3617 | D:4      | Identified a scroll of acquirement
  3617 | D:4      | Acquired a +4 ring of protection
  3666 | D:4      | Found a staircase to the Ecumenical Temple.
  3667 | D:4      | Noticed a phantom
  3898 | Temple   | Entered the Ecumenical Temple
  4024 | Temple   | Became a worshipper of Warmaster Okawaru
  4063 | D:4      | Reached skill level 4 in Maces & Flails
  4095 | D:4      | Identified the +6 plate armour of Whack-A-Mole {rF- Str+9}
  4202 | D:4      | Killed a phantom
  4203 | D:4      | Reached skill level 1 in Invocations
  4203 | D:4      | Gained mutation: You have hoof-like feet. [demonic
                  | ancestry]
  4203 | D:4      | Reached XP level 6. HP: 47/47 MP: 5/7
  4465 | D:4      | Acquired 730 gold pieces
  4497 | D:5      | Entered Level 5 of the Dungeon
  4498 | D:5      | Noticed a troll
  4547 | D:5      | Killed a troll
  4548 | D:5      | Gained mutation: You have hooves in place of feet. [demonic
                  | ancestry]
  4548 | D:5      | Reached XP level 7. HP: 35/53 MP: 4/8
  4710 | D:5      | Reached * piety under Okawaru
  4776 | D:5      | Reached skill level 1 in Stealth
  4785 | D:5      | Reached skill level 5 in Maces & Flails
  5161 | D:5      | Noticed a troll
  5172 | D:5      | Killed a troll
  5172 | D:5      | Reached ** piety under Okawaru
  5173 | D:5      | Reached skill level 6 in Maces & Flails
  5173 | D:5      | Reached XP level 8. HP: 29/60 MP: 5/10
  5855 | D:6      | Reached skill level 5 in Armour
  6025 | D:6      | Reached skill level 7 in Maces & Flails
  6026 | D:6      | Found a glowing drain.
  6074 | Sewer    | Entered a sewer
  6163 | Sewer    | Reached *** piety under Okawaru
  6750 | Sewer    | Reached skill level 5 in Invocations
  6907 | D:6      | Gained mutation: Your magical and physical power is
                  | slightly enhanced at high health. [demonic ancestry]
  6907 | D:6      | Reached XP level 9. HP: 66/66 MP: 12/12
  6980 | D:6      | Reached skill level 8 in Maces & Flails
  7177 | D:6      | Noticed Eustachio
  7193 | D:6      | Killed Eustachio
  7194 | D:6      | Reached skill level 5 in Fighting
  7343 | D:6      | Noticed an angel
  7346 | D:6      | Found a shimmering altar of Xom.
  8421 | D:7      | Reached skill level 9 in Maces & Flails
  8460 | D:7      | Noticed Duvessa
  8460 | D:7      | Noticed Dowan
  8467 | D:7      | Killed Dowan
  8473 | D:7      | Killed Duvessa
  8498 | D:7      | Reached **** piety under Okawaru
  8498 | D:7      | Received a gift from Okawaru
  8557 | D:7      | Noticed Maggie
  8566 | D:7      | Killed Maggie
  8850 | D:8      | Noticed a death yak
  8871 | D:8      | Killed a death yak
  8872 | D:8      | Reached skill level 1 in Evocations
  8872 | D:8      | Reached XP level 10. HP: 64/74 MP: 10/14
  8999 | D:8      | Reached skill level 10 in Maces & Flails
  9047 | D:8      | Noticed a death yak
  9049 | D:8      | Noticed a death yak
  9324 | D:3      | Killed Cecur's ghost
  9334 | D:3      | Identified the +4 plate armour "Ihuannic" {*Slow Fly Int+6}
  9516 | D:8      | Found a staircase to the Lair.
  9549 | Lair:1   | Entered Level 1 of the Lair of Beasts
  9579 | Lair:1   | Noticed a black mamba
  9592 | Lair:1   | Killed a black mamba
  9655 | Lair:1   | Found a frozen archway.
  9745 | Lair:1   | Reached skill level 11 in Maces & Flails
  9760 | IceCv    | Entered an ice cave
  9793 | IceCv    | Reached skill level 1 in Dodging
  9805 | IceCv    | Slain by an ice devil

Illustrated notes

Levels and vault maps discovered:
D:1:      matt_arrival_refuge, layout_basic, minmay_misc_feat_ornament
D:2:      layout_basic, basic_ecumenical_altar, minmay_tetromino_i4,
          uniq_terence
D:3:      layout_basic, nicolae_dithmenos_through_a_glass_darkly,
          overflow_temple_1_default, gammafunk_ghost_split, solitary_fountain,
          st_stairs_14
D:4:      layout_loops_ring, minmay_temple_entry_stoned_glass, st_stairs_4
D:5:      wander_river, layout_loops_corners
D:6:      layout_loops_ring, grunt_temple_overflow_order_and_chaos_1,
          gup_sewer_entry_glass, kennysheep_generic_room_8, uniq_eustachio
D:7:      layout_basic, uniq_maggie, uniq_duvessa
D:8:      layout_cave_pods, dpeg_lair_monsters
Temple:   compressed_dpeg_triangle_lava_temple
Lair:1:   layout_layer_cave, special_room [special_room_bee],
          portal_ice_cave_entry_imps, grunt_megastairs_2
IceCv:    ice_cave_small_demon

Skill      XL: |  1  2  3  4  5  6  7  8  9 10 |
---------------+-------------------------------+-----
Maces & Flails | 2 3 4 6 7 9 11 | 11.0
Armour         | 3 4 5 6 |  6.2
Shields        | 3 4 |  4.2
Invocations    | 1 2 3 5 6 7 |  7.1
Stealth        | 1 |  1.3
Fighting       | 4 5 |  5.6
Evocations     | 1 |  1.6
Dodging        | 1 |  1.0

Action                   |  1- 3 |  4- 6 |  7- 9 | 10-12 || total
-------------------------+-------+-------+-------+-------++-------
Melee: Flail             |   121 |    91 |   321 |    38 ||   571
       Kick              |    11 |    24 |    85 |    64 ||   184
       Whip              |       |       |       |   104 ||   104
Invok: Heroism           |       |       |     7 |     2 ||     9
Evoke: Wand              |       |       |     8 |     1 ||     9
  Use: Scroll            |     1 |     8 |     7 |     8 ||    24
       Potion            |       |     1 |     6 |     3 ||    10
Armor: Scale mail        |    17 |       |       |       ||    17
       Chain mail        |    75 |    52 |       |       ||   127
       Plate armour      |       |    16 |   223 |    28 ||   267
       Swamp dragon scal |       |       |       |    31 ||    31
Dodge: Dodged            |    42 |    26 |   103 |    39 ||   210
Block: Buckler           |    26 |    22 |    82 |    25 ||   155

Table legend: (Time is in decaauts)
 A = Elapsed time spent in this place.
 B = Non-inter-level travel time spent in this place.
 C = Inter-level travel time spent in this place.
 D = Time resting spent in this place.
 E = Time spent auto-exploring this place.
 F = Levels seen in this place.
 G = Mean time per level.
                   A        B        C        D        E       F      G
               +--------+--------+--------+--------+--------+-----+--------+
         Total |   9946 |   9518 |    428 |   1440 |   5107 |  12 |  828.8 |
       Dungeon |   8787 |   8359 |    428 |   1089 |   4872 |   8 | 1098.4 |
        Temple |    144 |    144 |      0 |      0 |      0 |   1 |  144.0 |
          Lair |    183 |    183 |      0 |     24 |      0 |   1 |  183.0 |
         Sewer |    799 |    799 |      0 |    327 |    235 |   1 |  799.0 |
      Ice Cave |     31 |     31 |      0 |      0 |      0 |   1 |   31.0 |
               +--------+--------+--------+--------+--------+-----+--------+

Top non-repeatable levels by time:
     D:6: 1522 daAuts
     D:5: 1343 daAuts
     D:1: 1319 daAuts
     D:2: 1244 daAuts
     D:3: 1137 daAuts
     D:7: 975 daAuts
     D:4: 846 daAuts
   Sewer: 799 daAuts
     D:8: 398 daAuts
  Lair:1: 183 daAuts
  Temple: 144 daAuts
   IceCv: 31 daAuts
